 Dungeon Crawl Stone Soup version 0.30-a0-912-ge10d75a369 (webtiles) character file.

Game seed: 7619224428110027492

2919 Grim the Transmogrifier (level 9, -4/70 HPs)
             Began as a Purple Draconian Monk on Mar 19, 2023.
             Was a Priest of Vehumet.
             Slain by a gnoll
             ... wielding a +0 flail
             ... led by a gnoll bouda
              (5 damage)
             ... on level 7 of the Dungeon.
             The game lasted 00:16:14 (10765 turns).

Grim the Transmogrifier (Purple Draconian Monk)    Turns: 10765, Time: 00:16:15

Health: -4/70      AC:  2    Str: 14    XL:     9   Next: 50%
Magic:  0/18       EV: 20    Int: 13    God:    Vehumet [***...]
Gold:   245        SH:  0    Dex: 20    Spells: 2/8 levels left

rFire   . . .      SeeInvis .      - Unarmed
rCold   . . .      Faith    .    (shield currently unavailable)
rNeg    . . .      Spirit   +    (body armour unavailable)
rPois   x          Reflect  .    (helmet currently unavailable)
rElec   .          Rampage  .    C - melded +0 cloak
rCorr   .                        (gloves currently unavailable)
Will    +....                    (boots currently unavailable)
Stlth   ++                       B - amulet of guardian spirit
HPRegen 0.31/turn                p - ring of wizardry
MPRegen 0.16/turn                o - ring of magical power

@: lethally poisoned (-4 -> -6), spider-form (expiring), weakened, wereblooded,
hasted, very quick
A: venomous fangs, (breathe power), AC +7, tiny, unfitting armour,
(cold-blooded)
a: End Transformation, Renounce Religion


You were on level 7 of the Dungeon.
You worshipped Vehumet.
Vehumet was most pleased with you.
You were a venomous arachnid creature.
You visited 2 branches of the dungeon, and saw 9 of its levels.
You also visited: Sewer.

You collected 380 gold pieces.
You spent 135 gold pieces at shops.

Inventory:

Missiles
 t - 2 throwing nets (quivered)
Armour
 C - a +0 cloak (melded)
Jewellery
 j - a ring of poison resistance
 n - a ring of flight
 o - a ring of magical power (right front pincers)
 p - a ring of wizardry (left front pincers)
 B - an amulet of guardian spirit (around neck)
Wands
 e - a wand of charming (12)
 y - a wand of light (7)
Scrolls
 a - a scroll of silence {unknown}
 b - 2 scrolls of enchant weapon
 c - a scroll of amnesia {unknown}
 g - 2 scrolls of fog {unknown}
 i - a scroll of magic mapping {unknown}
 k - a scroll of enchant armour {unknown}
 r - 3 scrolls of teleportation {unknown}
 s - 2 scrolls of vulnerability {unknown}
 v - 2 scrolls of fear {unknown}
 w - 2 scrolls of poison {unknown}
 z - a scroll of immolation {unknown}
 D - a scroll of blinking {unknown}
Potions
 f - a potion of curing
 h - a potion of resistance
 l - 2 potions of flight
 m - 3 potions of haste
 q - a potion of cancellation {unknown}
 u - a potion of attraction {unknown}
 x - a potion of mutation {unknown}
 A - a potion of might {unknown}


   Skills:
 - Level 3.2 Fighting
 - Level 2.6 Dodging
 - Level 1.7 Stealth
 + Level 8.5 Unarmed Combat
 * Level 10.5 Transmutations


You had 2 spell levels left.
You knew the following spells:

 Your Spells              Type           Power      Damage    Failure   Level
a - Beastly Appendage     Tmut           54%        N/A       1%          1
b - Spider Form           Tmut/Pois      13%        N/A       11%         3
c - Wereblood             Tmut           27%        N/A       1%          2

Your spell library contained the following spells:

 Spells                   Type           Power      Damage    Failure   Level
 Iskenderun's Mystic Bla  Conj/Tloc      0%         2d3       41%         4


Dungeon Overview and Level Annotations

Branches:
Dungeon (8/15)             Temple (1/1) D:4           Sewer (visited)
   Lair: D:8-11

Altars:
Ashenzari
Cheibriados
Dithmenos
Elyvilon
Fedhas
Gozag
Hepliaklqana
Kikubaaqudgha
Makhleb
Nemelex Xobeh
Okawaru
Ru
Sif Muna
Trog
Uskayaw
Vehumet
Wu Jian
Xom
Yredelemnul
Zin
The Shining One

Shops:
D:5 *=??

Annotations:
D:7 Pikel


Innate Abilities, Weirdness & Mutations

You are a venomous arachnid creature.
You have venomous fangs.
You are tiny and dextrous.
Your spellcasting is less reliable in this form.
Your armour is entirely melded.
You are incapable of wielding weapons or throwing items.
((You can breathe bolts of dispelling energy.))
((Your rich purple scales are hard. (AC +7)))
You cannot fit into any form of body armour.
((You are cold-blooded and may be slowed by cold attacks.))


Message History

* * * LOW HITPOINT WARNING * * *
Pikel says, "Asmodeus and me are pals.
He gave me this whip."
Pikel hits you with a +0 whip of freezing!
* * * LOW HITPOINT WARNING * * *
Pikel freezes you.
* * * LOW HITPOINT WARNING * * *
The gnoll misses you. The gnoll hits you with a +0 flail.
* * * LOW HITPOINT WARNING * * *
The gnoll bouda gazes fiercely through you!
You feel as though you will be weak longer.
The gnoll bouda barely misses you. The lemure misses you.
The killer bee misses you.
You hit the killer bee.
The killer bee is lightly wounded.
Your transformation is almost over.
You feel sick. The killer bee completely misses you.
Pikel completely misses you. The gnoll completely misses you.
The lemure hits you.
* * * LOW HITPOINT WARNING * * *
The gnoll bouda closely misses you. The gnoll completely misses you.
The lemure closely misses you. The killer bee closely misses you.
You feel sick. The killer bee barely misses you.
Pikel cracks his whip.
Pikel hits you with a +0 whip of freezing.
* * * LOW HITPOINT WARNING * * *
Pikel freezes you. The gnoll closely misses you.
The gnoll hits you with a +0 flail!
* * * LOW HITPOINT WARNING * * *
The gnoll bouda closely misses you. The lemure barely misses you.
The killer bee completely misses you.
You climb upwards.
* * * LOW HITPOINT WARNING * * *
You feel sick.
There is a stone staircase leading down here.
Okay, then.
It was a potion of haste.
You feel yourself speed up.
* * * LOW HITPOINT WARNING * * *
You feel sick. The killer bee barely misses you.
The gnoll hits you with a +0 flail.
You die...

#####.##...#...
#######..##.##.......
#....................
#....................
#...........#....#...
#.............#......
###########..<.......
###5......#..###..
#sg.........#.....
#5y...........##..
#g.K.........###..
#............# #..
#............# ##.
##..........## ##
##...##...## #
##########


You could see Pikel, 2 lemures, a gnoll bouda, a killer bee and a gnoll (swift).

Vanquished Creatures
  Grinder (D:4)
  A steam dragon (D:7)
  Menkaure (D:7)
  A water moccasin (D:5)
  Pargi (Sewer)
  An orc warrior (D:7)
  2 sky beasts (D:6)
  2 ogres (D:4)
  The ghost of What the Chopper, an amateur DsGl (D:3)
  A lemure (D:7)
  A phantom (D:6)
  Blork the orc (D:4)
  3 scorpions
  2 bullfrogs
  4 wights
  5 killer bees
  2 howler monkeys
  3 hounds
  5 orc priests
  A sleepcap (D:6)
  3 iguanas
  Ijyb (D:4)
  Natasha (thrice) (D:2)
  4 orc wizards
  A gnoll (D:8)
  9 adders
  2 shadow imps
  A white imp (D:6)
  4 ufetubi
  3 worms
  3 dart slugs
  24 orcs
  3 ball pythons
  7 bats
  5 endoplasms
  7 giant cockroaches
  7 goblins
  6 hobgoblins
  5 jackals (D:1)
  4 quokkas
  4 frilled lizards
  10 kobolds
  5 rats
  A spectral goblin (D:1)
161 creatures vanquished.

Vanquished Creatures (others)
  A kobold (D:7)
1 creature vanquished.

Grand Total: 162 creatures vanquished

Notes
Turn   | Place    | Note
-------+----------+-------------------------------------------
     0 | D:1      | Grim the Draconian Monk began the quest for the Orb.
     0 | D:1      | Reached XP level 1. HP: 19/19 MP: 1/1
    70 | D:1      | Reached XP level 2. HP: 24/26 MP: 2/2
    90 | D:1      | Learned a level 1 spell: Beastly Appendage
   301 | D:1      | Found a faded altar of an unknown god.
   374 | D:1      | Reached skill level 1 in Transmutations
   374 | D:1      | Reached XP level 3. HP: 28/31 MP: 3/3
   684 | D:2      | Noticed Natasha
   703 | D:2      | Killed Natasha
   704 | D:2      | Reached skill level 2 in Transmutations
   704 | D:2      | Reached XP level 4. HP: 19/38 MP: 4/4
  1320 | D:2      | Reached skill level 3 in Transmutations
  1362 | D:2      | Noticed Natasha
  1378 | D:2      | Killed Natasha
  1379 | D:2      | Reached XP level 5. HP: 21/45 MP: 3/5
  1809 | D:2      | Noticed Natasha
  1815 | D:2      | Killed Natasha
  2067 | D:2      | Found a shimmering blue altar of Sif Muna.
  2328 | D:3      | Found a runed translucent door.
  2939 | D:3      | Noticed What's ghost (amateur DsGl)
  2949 | D:3      | Learned a level 3 spell: Spider Form
  2972 | D:3      | Killed What's ghost
  2973 | D:3      | Reached skill level 5 in Unarmed Combat
  2973 | D:3      | Reached skill level 4 in Transmutations
  2973 | D:3      | Reached XP level 6. HP: 26/51 MP: 6/6
  3190 | D:4      | Noticed Blork the orc
  3202 | D:4      | Killed Blork the orc
  3577 | D:4      | Found a staircase to the Ecumenical Temple.
  3596 | Temple   | Entered the Ecumenical Temple
  3716 | Temple   | Became a worshipper of Vehumet
  3716 | Temple   | Reached * piety under Vehumet
  3716 | Temple   | Offered knowledge of Shock by Vehumet.
  3716 | Temple   | Reached ** piety under Vehumet
  3757 | D:4      | Noticed Grinder
  3764 | D:4      | Paralysed by Grinder for 3 turns
  3774 | D:4      | HP: 2/51 [Grinder (6)]
  3776 | D:4      | Killed Grinder
  3777 | D:4      | Reached skill level 5 in Transmutations
  3777 | D:4      | Your scales start taking on a rich purple colour.
  3777 | D:4      | Reached XP level 7. HP: 24/57 MP: 7/7
  3911 | D:4      | Found a snail-covered altar of Cheibriados.
  3911 | D:4      | Found a hide-covered altar of Uskayaw.
  3953 | D:4      | Offered knowledge of Magic Dart by Vehumet.
  4499 | D:4      | Reached skill level 6 in Transmutations
  4876 | D:4      | Noticed Ijyb
  4884 | D:4      | Killed Ijyb
  5573 | D:5      | Entered Level 5 of the Dungeon
  5625 | D:5      | Reached skill level 7 in Transmutations
  5630 | D:5      | Reached XP level 8. HP: 38/63 MP: 8/8
  6062 | D:5      | Found an ornate altar of the Wu Jian Council.
  6118 | D:5      | Found Quheymal's Jewellery Emporium.
  6169 | D:5      | Found Defiasch's Magic Scroll Shop.
  6188 | D:5      | Found Jilil's Magic Scroll Shoppe.
  6277 | D:5      | Found Xeker's Assorted Antiques.
  6283 | D:5      | Bought a large peridot amulet for 135 gold pieces
  6958 | D:6      | Reached skill level 8 in Transmutations
  7142 | D:6      | Found a glowing drain.
  7155 | Sewer    | Entered a sewer
  7225 | Sewer    | Noticed Pargi
  7234 | Sewer    | Killed Pargi
  7388 | Sewer    | Offered knowledge of Inner Flame by Vehumet.
  7989 | D:6      | Reached skill level 9 in Transmutations
  8151 | D:6      | Reached *** piety under Vehumet
  8474 | D:6      | Found a burning altar of Makhleb.
  8474 | D:6      | Noticed a cacodemon
  8787 | D:7      | Reached XP level 9. HP: 67/70 MP: 9/9
  9018 | D:6      | HP: 3/70 [killer bee (6)]
  9019 | D:6      | HP: 1/70 [poisoned by a killer bee]
  9035 | D:6      | Offered knowledge of Iskenderun's Mystic Blast by Vehumet.
  9609 | D:7      | Noticed Menkaure
  9678 | D:6      | Reached skill level 10 in Transmutations
  9983 | D:7      | Killed Menkaure
 10584 | D:7      | Found an iron altar of Okawaru.
 10625 | D:7      | Found a shadowy altar of Dithmenos.
 10732 | D:8      | Noticed Pikel
 10752 | D:7      | Learned a level 2 spell: Wereblood
 10763 | D:8      | HP: 3/70 [gnoll/+0 flail[a gnoll bouda] (6)]
 10765 | D:7      | HP: 1/70 [poisoned by a killer bee]
 10765 | D:7      | Slain by a gnoll

Illustrated notes

Levels and vault maps discovered:
D:1:      dpeg_arrival_tiny_c, layout_rooms,
          dreamdust_ecumenical_altar_drowned_temple
D:2:      cheibrodos_pilgrimage, layout_basic, basic_altar, uniq_natasha
D:3:      layout_basic, ebering_ghost_reflecting_pool
D:4:      layout_basic, gammafunk_temple_overflow_elements,
          minmay_temple_entry_fiery, corexii_corridor_pit, uniq_grinder,
          uniq_ijyb, uniq_blork_the_orc
D:5:      layout_loops_ring, nzn_wu_jian_council_hall, serial_shops,
          nicolae_shop_hallway_plus, shop, nicolae_shop_hallway_stairs,
          nicolae_shop_hallway_plus
D:6:      layout_loops_ring, makhleb_altar_promises_db,
          cheibrodos_sewer_entry_sluice, dk_noncrumbling_4, st_stairs_8,
          hangedman_abyss_or_decor_stagger, wad_floor_pattern_untrapped
D:7:      layout_rooms, okawaru_altar_gauntlet_db, grunt_dithmenos_smoke,
          uniq_menkaure
D:8:      layout_rooms, lemuel_tele_altar, uniq_pikel, uniq_erica
Temple:   eino_temple_lava

Skill      XL: |  1  2  3  4  5  6  7  8  9 |
---------------+----------------------------+-----
Unarmed Combat | 4 5 6 7 8 |  8.5
Transmutations | 1 2 3 4 5 7 9 10 | 10.5
Fighting       | |  3.2
Dodging        | |  2.6
Stealth        | |  1.7

Action                     |  1- 3 |  4- 6 |  7- 9 || total
---------------------------+-------+-------+-------++-------
  Melee: Unarmed           |   118 |   160 |   386 ||   664
         Tailslap          |    10 |    12 |    36 ||    58
         Punch             |     2 |     5 |    13 ||    20
         Kick              |       |    27 |    22 ||    49
         Headbutt          |       |    16 |    13 ||    29
  Throw: Throwing net      |       |       |     1 ||     1
   Cast: Beastly Appendage |       |    19 |    12 ||    31
         Spider Form       |       |     2 |    17 ||    19
         Wereblood         |       |       |     2 ||     2
Ability: Breathe Dispellin |       |       |     3 ||     3
    Use: Scroll            |       |     4 |     1 ||     5
         Potion            |       |     2 |    12 ||    14
   Stab: Sleeping          |       |     4 |     9 ||    13
 Armour: Skin              |    43 |    34 |   119 ||   196
  Dodge: Dodged            |    90 |    92 |   437 ||   619

Table legend: (Time is in decaauts)
 A = Elapsed time spent in this place.
 B = Non-inter-level travel time spent in this place.
 C = Inter-level travel time spent in this place.
 D = Time resting spent in this place.
 E = Time spent auto-exploring this place.
 F = Levels seen in this place.
 G = Mean time per level.
                   A        B        C        D        E       F      G
               +--------+--------+--------+--------+--------+-----+--------+
         Total |  10702 |  10513 |    189 |   5112 |   3843 |  10 | 1070.2 |
       Dungeon |  10310 |  10130 |    180 |   4991 |   3698 |   8 | 1288.8 |
        Temple |    129 |    120 |      9 |      0 |     47 |   1 |  129.0 |
         Sewer |    262 |    262 |      0 |    121 |     98 |   1 |  262.0 |
               +--------+--------+--------+--------+--------+-----+--------+

Top non-repeatable levels by time:
     D:4: 2341 daAuts
     D:6: 2204 daAuts
     D:7: 1352 daAuts
     D:5: 1327 daAuts
     D:2: 1218 daAuts
     D:1: 951 daAuts
     D:3: 904 daAuts
   Sewer: 262 daAuts
  Temple: 129 daAuts
     D:8: 10 daAuts
